 Dungeon Crawl Stone Soup version 0.24.0-123-gd5b16e6ec5 (webtiles) character file.

Game seed: 9471738237678173305, levelgen mode: deterministic

1362 FishyPogo the Charmwright (level 8, -6/64 HPs)
             Began as a Gnoll Skald on Jan 29, 2020.
             Was a Priest of Sif Muna.
             Killed by divine providence
             ... invoked by an orc priest
              (8 damage)
             ... on level 5 of the Dungeon.
             The game lasted 00:13:05 (4445 turns).

FishyPogo the Charmwright (Gnoll Skald)             Turns: 4445, Time: 00:13:05

Health: -6/64      AC:  5    Str: 15    XL:     8   Next: 64%
Magic:  17/17      EV: 15    Int: 16    God:    Sif Muna [***...]
Gold:   314        SH:  0    Dex: 15    Spells: 8/19 levels left

rFire    . . .     SeeInvis .   a - +4 club
rCold    . . .     Gourm    .   (no shield)
rNeg     . . .     Faith    .   b - +0 leather armour
rPois    .         Spirit   .   (no helmet)
rElec    .         Reflect  .   (no cloak)
rCorr    .         Harm     .   u - +0 pair of gloves
MR       .....     Rnd*Tele +   e - +0 pair of boots
Stlth    +++.......             (no amulet)
HPRegen  0.20/turn              w - ring of teleportation (curse)
MPRegen  0.15/turn              x - ring of stealth

@: starving
A: distributed training, fangs 1, strong nose
a: Channel Magic, Forget Spell, Renounce Religion


You were on level 5 of the Dungeon.
You worshipped Sif Muna.
Sif Muna was most pleased with you.
You were starving.

You visited 1 branch of the dungeon, and saw 5 of its levels.
You also visited: Ossuary.

You collected 314 gold pieces.

Inventory:

Hand Weapons
 a - a +4 club (weapon)
 v - a +0 long sword of draining
Missiles
 g - 7 silver boomerangs
 k - 6 poisoned darts (quivered)
 l - 58 stones
Armour
 b - a +0 leather armour (worn)
 e - a +0 pair of boots (worn)
 u - a +0 pair of gloves (worn)
Jewellery
 w - a cursed ring of teleportation (left hand)
 x - a ring of stealth (right hand)
Wands
 s - a wand of paralysis (5)
Scrolls
 c - 3 scrolls of remove curse
 h - a scroll of fog {unknown}
 j - a scroll of enchant weapon {unknown}
 o - 3 scrolls of identify
 r - 2 scrolls of amnesia {unknown}
 t - a scroll of noise {unknown}
 y - a scroll of fear {unknown}
 C - a scroll of enchant armour {unknown}
Potions
 f - 3 potions of flight
 i - a potion of mutation {unknown}
 m - 5 potions of curing {unknown}
 n - 2 potions of degeneration
 p - 2 potions of lignification
 q - a potion of magic
 z - 2 potions of agility {unknown}
 A - 2 potions of might
 B - a potion of cancellation
 D - a potion of heal wounds
 E - 2 potions of invisibility
 F - a potion of ambrosia
Comestibles
 d - 7 rations


   Skills:
 + Level 5.7 Fighting
 + Level 5.7 Short Blades
 + Level 3.4 Long Blades
 + Level 3.4 Axes
 + Level 3.4 Maces & Flails
 + Level 3.4 Polearms
 + Level 3.4 Staves
 + Level 3.4 Slings
 + Level 3.4 Bows
 + Level 3.4 Crossbows
 + Level 3.4 Throwing
 + Level 4.3 Armour
 + Level 5.7 Dodging
 + Level 3.4 Stealth
 + Level 3.4 Shields
 + Level 3.4 Unarmed Combat
 + Level 6.1 Spellcasting
 + Level 2.7 Conjurations
 + Level 2.7 Hexes
 + Level 6.2 Charms
 + Level 2.7 Summonings
 + Level 2.7 Necromancy
 + Level 2.7 Translocations
 + Level 2.7 Transmutations
 + Level 2.7 Fire Magic
 + Level 2.7 Ice Magic
 + Level 2.7 Air Magic
 + Level 2.7 Earth Magic
 + Level 2.7 Poison Magic
 + Level 3.7 Invocations
 + Level 3.4 Evocations


You had 8 spell levels left.
You knew the following spells:

 Your Spells              Type           Power        Failure   Level  Hunger
h - Regeneration          Chrm/Necr      ###.......   8%          3    ##.....
n - Spectral Weapon       Hex/Chrm       ###.....     8%          3    ##.....
p - Shroud of Golubria    Chrm/Tloc      ###...       4%          2    #......
u - Song of Slaying       Chrm           ###.....     1%          2    #......
y - Infusion              Chrm           ###.         1%          1    None

Your spell library contained the following spells:

 Spells                   Type           Power        Failure   Level  Hunger


Dungeon Overview and Level Annotations

Branches:
Dungeon (5/15)            Ossuary (visited)
 Temple: D:4-7

Altars:
Hepliaklqana
Sif Muna

Annotations:
D:5 Grinder


Innate Abilities, Weirdness & Mutations

Your experience applies equally to all skills.
You have very sharp teeth.
Your uncanny sense of smell can sniff out nearby items.


Message History

The orc priest calls upon Beogh to heal the orc.
The orc's wounds heal themselves!
The orc hits you with a cursed -2 mace!
* * * LOW HITPOINT WARNING * * *
You hit the orc but do no damage. The orc misses you.
You hit the orc.
The orc is lightly wounded.
The orc hits you with a cursed -2 mace.
* * * LOW HITPOINT WARNING * * *
You closely miss the orc.
The orc is lightly wounded.
The orc priest invokes the aid of Beogh against you.
Beogh smites you!
* * * LOW HITPOINT WARNING * * *
The orc closely misses you.
You hit the orc but do no damage.
The orc is lightly wounded.
The orc priest begins to cast a cantrip, but forgets the words!
The orc priest calls down the wrath of Beogh upon you.
Beogh smites you!
You die...

##### #...# #...# #...#
### #...########....
### #.....o)o.(.....
##8## #...#@##.......#
#...# #..(#.##.......#
#...###...#.##.......#
#.....∩...#.##.......##
#...###...#>....o......
#...# #...#.##o......#
##8##
#...#.##.......### ###
#...#.##..........
#..............#


You could see an orc priest and an orc.

Vanquished Creatures
  A sky beast (D:5)
  An ice beast (D:5)
  An ogre (D:5)
  A bullfrog (D:3)
  8 water moccasin zombies (Ossuary)
  A scorpion (D:2)
  A howler monkey (D:4)
  An orc priest (D:4)
  Ijyb (D:5)
  4 orc wizards (D:4)
  A worker ant (D:5)
  A big kobold zombie (Ossuary)
  2 mummies (Ossuary)
  5 adders
  10 gnolls
  An adder skeleton (D:5)
  2 adder zombies (Ossuary)
  A worm (D:2)
  3 dart slugs
  5 leopard geckos
  16 orcs
  4 giant cockroaches
  14 goblins
  3 hobgoblins (D:2)
  2 jackals (D:4)
  10 kobolds
  2 ball pythons
  8 bats
  10 frilled lizards
  2 gnoll zombies (Ossuary)
  7 hobgoblin zombies (Ossuary)
  A jackal skeleton (D:4)
  3 kobold zombies (Ossuary)
  4 orc zombies (Ossuary)
  14 rats
151 creatures vanquished.

Notes
Turn   | Place    | Note
-------+----------+-------------------------------------------
     0 | D:1      | FishyPogo the Gnoll Skald began the quest for the Orb.
     0 | D:1      | Reached XP level 1. HP: 20/20 MP: 6/6
   295 | D:1      | Reached XP level 2. HP: 22/26 MP: 2/7
   340 | D:1      | Learned a level 2 spell: Song of Slaying
   343 | D:1      | Learned a level 2 spell: Shroud of Golubria
   572 | D:1      | Reached XP level 3. HP: 31/31 MP: 9/9
   585 | D:1      | Reached skill level 5 in Spellcasting
   618 | D:1      | Learned a level 3 spell: Regeneration
   622 | D:1      | Learned a level 3 spell: Spectral Weapon
   895 | D:2      | Reached skill level 1 in Invocations
   955 | D:2      | Found a shimmering blue altar of Sif Muna.
   960 | D:2      | Became a worshipper of Sif Muna the Loreminder
  1053 | D:2      | Reached skill level 1 in Long Blades
  1053 | D:2      | Reached skill level 1 in Axes
  1053 | D:2      | Reached skill level 1 in Maces & Flails
  1053 | D:2      | Reached skill level 1 in Polearms
  1053 | D:2      | Reached skill level 1 in Staves
  1053 | D:2      | Reached skill level 1 in Slings
  1053 | D:2      | Reached skill level 1 in Bows
  1053 | D:2      | Reached skill level 1 in Crossbows
  1053 | D:2      | Reached skill level 1 in Throwing
  1053 | D:2      | Reached skill level 1 in Stealth
  1053 | D:2      | Reached skill level 1 in Shields
  1053 | D:2      | Reached skill level 1 in Unarmed Combat
  1053 | D:2      | Reached skill level 1 in Evocations
  1053 | D:2      | Reached XP level 4. HP: 30/38 MP: 8/11
  1296 | D:2      | You fall into a shaft and drop 1 floor!
  1297 | D:3      | Noticed a bullfrog
  1562 | D:2      | Reached * piety under Sif Muna
  1562 | D:2      | Reached skill level 1 in Conjurations
  1562 | D:2      | Reached skill level 1 in Hexes
  1562 | D:2      | Reached skill level 1 in Summonings
  1562 | D:2      | Reached skill level 1 in Necromancy
  1562 | D:2      | Reached skill level 1 in Translocations
  1562 | D:2      | Reached skill level 1 in Transmutations
  1562 | D:2      | Reached skill level 1 in Fire Magic
  1562 | D:2      | Reached skill level 1 in Ice Magic
  1562 | D:2      | Reached skill level 1 in Air Magic
  1562 | D:2      | Reached skill level 1 in Earth Magic
  1562 | D:2      | Reached skill level 1 in Poison Magic
  1562 | D:2      | Reached XP level 5. HP: 43/43 MP: 12/12
  1691 | D:3      | Reached XP level 6. HP: 44/50 MP: 6/13
  1704 | D:3      | You fall into a shaft and drop 1 floor!
  1868 | D:4      | Reached skill level 5 in Fighting
  1868 | D:4      | Reached skill level 5 in Short Blades
  1868 | D:4      | Reached skill level 5 in Dodging
  2315 | D:3      | Found a shimmering blue altar of Sif Muna.
  2338 | D:3      | Reached ** piety under Sif Muna
  2938 | D:4      | Reached XP level 7. HP: 45/56 MP: 15/15
  3718 | D:5      | Entered Level 5 of the Dungeon
  3741 | D:5      | Noticed Grinder
  3757 | D:5      | Found a hazy altar of Hepliaklqana.
  3849 | D:5      | Noticed Ijyb
  3862 | D:5      | Paralysed by Ijyb for 3 turns
  3872 | D:5      | Killed Ijyb
  3922 | D:5      | Reached XP level 8. HP: 20/63 MP: 8/16
  4063 | D:5      | Found a sand-covered staircase.
  4070 | Ossuary  | Entered an ossuary
  4249 | Ossuary  | Reached *** piety under Sif Muna
  4443 | D:5      | HP: 2/64 [orc priest/divine providence (11)]
  4445 | D:5      | Killed from afar by an orc priest

Levels and vault maps discovered:
D:1:      sevenhm_arrival_forest_fort_small_6, layout_loops_ring,
          minmay_distorted
D:2:      layout_basic, lemuel_blue_sif_altar
D:3:      layout_basic, lemuel_statue_altar
D:4:      layout_loops_corners
D:5:      layout_basic, old_standard_altar, first_ration,
          chequers_ossuary_entry_cave, minmay_misc_feat_four_crosses,
          uniq_grinder, uniq_sigmund, uniq_ijyb

Skill      XL: |  1  2  3  4  5  6  7  8 |
---------------+-------------------------+-----
Spellcasting   | 5 6 |  6.1
Invocations    | 1 2 3 |  3.7
Long Blades    | 1 2 3 |  3.4
Axes           | 1 2 3 |  3.4
Maces & Flails | 1 2 3 |  3.4
Polearms       | 1 2 3 |  3.4
Staves         | 1 2 3 |  3.4
Slings         | 1 2 3 |  3.4
Bows           | 1 2 3 |  3.4
Crossbows      | 1 2 3 |  3.4
Throwing       | 1 2 3 |  3.4
Stealth        | 1 2 3 |  3.4
Shields        | 1 2 3 |  3.4
Unarmed Combat | 1 2 3 |  3.4
Evocations     | 1 2 3 |  3.4
Conjurations   | 1 2 |  2.7
Hexes          | 1 2 |  2.7
Summonings     | 1 2 |  2.7
Necromancy     | 1 2 |  2.7
Translocations | 1 2 |  2.7
Transmutations | 1 2 |  2.7
Fire Magic     | 1 2 |  2.7
Ice Magic      | 1 2 |  2.7
Air Magic      | 1 2 |  2.7
Earth Magic    | 1 2 |  2.7
Poison Magic   | 1 2 |  2.7
Armour         | 3 4 |  4.3
Fighting       | 5 |  5.7
Short Blades   | 5 |  5.7
Dodging        | 5 |  5.7
Charms         | 6 |  6.2

Action                   |  1- 3 |  4- 6 |  7- 9 || total
-------------------------+-------+-------+-------++-------
Melee: Short sword       |    59 |       |       ||    59
       Whip              |    62 |   155 |       ||   217
       Bite              |     8 |    20 |    40 ||    68
       Dagger            |       |    24 |   110 ||   134
       Long sword        |       |    10 |       ||    10
       Punch             |       |     2 |     4 ||     6
       Club              |       |       |   241 ||   241
Throw: Dart              |       |     6 |     4 ||    10
       Stone             |       |     3 |       ||     3
 Cast: Infusion          |     2 |       |       ||     2
       Shroud of Golubri |     2 |     5 |    11 ||    18
       Song of Slaying   |     1 |     1 |       ||     2
       Spectral Weapon   |       |     3 |     1 ||     4
       Regeneration      |       |     1 |    12 ||    13
  Use: Scroll            |       |     2 |     9 ||    11
       Potion            |       |     1 |       ||     1
 Stab: Sleeping          |     1 |     1 |     6 ||     8
       Distracted        |       |       |     1 ||     1
  Eat: Chunk             |     1 |     6 |     5 ||    12
Armor: Leather armour    |    38 |    46 |    58 ||   142
Dodge: Dodged            |    69 |   160 |   207 ||   436
